 Dungeon Crawl Stone Soup version 0.28.0 (webtiles) character file.

Game seed: 14418500555784462129

36470 Hasart the Martial Artist (level 13, -7/105 HPs)
             Began as an Octopode Transmuter on Feb 19, 2022.
             Was an Initiate of Gozag.
             Mangled by a komodo dragon (27 damage)
             ... on level 6 of the Lair of Beasts.
             The game lasted 00:35:21 (16230 turns).

Hasart the Martial Artist (Octopode Transmuter)    Turns: 16230, Time: 00:35:21

Health: -7/105     AC: 12    Str: 16    XL:     13   Next: 90%
Magic:  20/24      EV: 12    Int: 20    God:    Gozag
Gold:   894        SH:  0    Dex: 12    Spells: 16/26 levels left

rFire   . . .      SeeInvis .     - Unarmed
rCold   + + +      Faith    .   (shield currently unavailable)
rNeg    . . .      Spirit   .   (helmet currently unavailable)
rPois   +          Reflect  .   b - amulet of regeneration
rElec   .          Harm     .   c - ring of resist corrosion
rCorr   +          Rampage  .   g - ring of wizardry
Will    +....                   k - ring of protection from cold
Stlth   +.........              n - ring of protection from fire
HPRegen 1.07/turn               o - +4 ring of slaying
MPRegen 0.19/turn               q - ring of flight
                                D - +6 ring of strength
                                P - ring of willpower

@: ice-form, gold aura, flying
A: freezing attack, boosted hp, almost no armour, amphibious, 8 rings, large,
(camouflage 1), (gelatinous body 1), (nimble swimmer 1), (tentacles)
a: End Transformation, Renounce Religion, Potion Petition, Call Merchant, Bribe
Branch


You were on level 6 of the Lair of Beasts.
You worshipped Gozag.
Gozag was pleased with you.
You were a creature of crystalline ice.
You visited 3 branches of the dungeon, and saw 18 of its levels.
You also visited: Ossuary and Bailey.

You collected 3529 gold pieces.
You spent 154 gold pieces at shops.
You paid 2481 gold pieces to Gozag.

Inventory:

Hand Weapons
 F - the +3 Elemental Staff (melded) {rElec rF++ rC++ AC+5}
   (You found it in a bailey)

   If the wielder is skilled in Evocations, they can discharge powerful blasts
   of elemental energy when striking with it.
   It enhances your fire, ice, earth and air magic.
   AC:        It affects your AC (+5).
   rF:        It greatly protects you from fire.
   rC:        It greatly protects you from cold.
   rElec:     It insulates you from electricity.
Missiles
 f - 3 throwing nets
Armour
 B - the +2 shield of Resistance (melded) {rF++ rC++ Will++}
   (You acquired it on level 2 of the Lair of Beasts)

   rF:        It greatly protects you from fire.
   rC:        It greatly protects you from cold.
   Will:      It greatly increases your willpower.
Jewellery
 b - an amulet of regeneration (around neck)
 c - a ring of resist corrosion (left front paw)
 g - a ring of wizardry (right front paw)
 k - a ring of protection from cold (on tentacle)
 n - a ring of protection from fire (on tentacle)
 o - a +4 ring of slaying (on tentacle)
 q - a ring of flight (on tentacle)
 D - a +6 ring of strength (on tentacle)
 I - an amulet of reflection
 J - a ring of fire
 P - a ring of willpower (on tentacle)
 S - a ring of fire
Wands
 r - a wand of paralysis (28)
 w - a wand of acid (5)
 G - a wand of flame (33)
 O - a wand of mindburst (5)
 Q - a wand of charming (6)
 T - a wand of iceblast (6)
Scrolls
 a - 5 scrolls of teleportation
 e - 5 scrolls of enchant weapon
 h - 2 scrolls of blinking
 j - 3 scrolls of fear
 t - a scroll of holy word
 u - 3 scrolls of fog
 y - 7 scrolls of identify
 A - 5 scrolls of enchant armour
 C - 2 scrolls of immolation
 E - a scroll of silence {unknown}
 H - a scroll of magic mapping
 K - a scroll of brand weapon {unknown}
 M - a scroll of summoning
 U - 2 scrolls of amnesia {unknown}
Potions
 d - 7 potions of lignification
 i - 4 potions of flight
 l - 5 potions of magic
 m - 5 potions of heal wounds
 p - a potion of might
 s - 4 potions of curing
 v - 2 potions of haste {unknown}
 x - 4 potions of brilliance {unknown}
 z - 2 potions of mutation
 L - 3 potions of resistance {unknown}
 N - 4 potions of cancellation {unknown}
 R - a potion of ambrosia {unknown}


   Skills:
 + Level 7.7 Fighting
 - Level 5.0 Staves
 + Level 8.1 Dodging
 + Level 2.5 Shields
 * Level 11.3 Unarmed Combat
 + Level 7.3 Spellcasting
 + Level 8.1 Transmutations
 * Level 10.2 Ice Magic
 - Level 8.0 Poison Magic
 + Level 5.3 Evocations


You had 16 spell levels left.
You knew the following spells:

 Your Spells              Type           Power      Damage    Failure   Level
a - Beastly Appendage     Tmut           78%        N/A       1%          1
b - Wereblood             Tmut           39%        N/A       1%          2
c - Spider Form           Tmut/Pois      39%        N/A       1%          3
d - Ice Form              Ice/Tmut       44%        N/A       1%          4

Your spell library contained the following spells:

 Spells                   Type           Power      Damage    Failure   Level
 Ensorcelled Hibernation  Hex/Ice        54%        N/A       1%          2
 Gell's Gravitas          Tloc           7%         N/A       11%         3
 Summon Guardian Golem    Hex/Summ       7%         N/A       11%         3
 Teleport Other           Tloc           7%         N/A       11%         3
 Airstrike                Air            3%         N/A       32%         4
 Anguish                  Hex/Necr       3%         N/A       32%         4
 Animate Dead             Necr           3%         N/A       32%         4
 Passage of Golubria      Tloc           7%         N/A       32%         4
 Summon Lightning Spire   Summ/Air       7%         N/A       32%         4
 Iskenderun's Battlesphe  Conj           7%         2d6       65%         5
 Lightning Bolt           Conj/Air       3%         1d15      65%         5
 Silence                  Hex/Air        3%         N/A       65%         5
 Dispersal                Tloc           3%         N/A       99%         6
 Iron Shot                Conj/Erth      3%         9d2       99%         6
 Haunt                    Necr/Summ      3%         N/A       100%        7
 Orb of Destruction       Conj           3%         9d5       100%        7
 Spellforged Servitor     Conj/Summ      3%         N/A       100%        7
 Infestation              Necr           3%         N/A       100%        8
 Lehudib's Crystal Spear  Conj/Erth      3%         10d3      100%        8


Dungeon Overview and Level Annotations

Branches:
Dungeon (11/15)            Temple (1/1) D:6            Lair (6/6) D:10
 Shoals (0/4) Lair:2        Snake (0/4) Lair:2        Slime (0/5) Lair:5
Ossuary (visited)          Bailey (visited)
    Orc: D:9-12

Altars:
Cheibriados
Dithmenos
Elyvilon
Fedhas
Gozag
Hepliaklqana
Kikubaaqudgha
Makhleb
Nemelex Xobeh
Okawaru
Qazlal
Ru
Sif Muna
Trog
Uskayaw
Wu Jian
Xom
Yredelemnul
Zin
The Shining One

Shops:
D:8 [[   D:10 !*   Lair:6 =

Annotations:
D:7 2 runed translucent doors
D:8 exclusion: hydra
Lair:3 2 transporters
Lair:4 3 runed translucent doors, jujucrawl's ghost, journeyman OgFE


Innate Abilities, Weirdness & Mutations

You are a creature of crystalline ice.
You have a powerful freezing melee attack.
Your maximum health is increased.
Your armour is entirely melded.
You are incapable of wielding weapons or throwing items.
You cannot wear most types of armour.
You are amphibious.
You can wear up to eight rings at the same time.
((Your skin changes colour to match your surroundings (Stealth+).))
((Your rubbery body absorbs attacks. (AC +1, EV +1)))
((You are camouflaged when in or above water. (Stealth+)))
((You have tentacles for arms and can constrict up to eight enemies at once.))


Message History

The polar bear is almost dead.
The komodo dragon misses you. You block the polar bear's attack.
The polar bear claws you but does no damage.
The polar bear claws you. You block the polar bear's attack. x2
The polar bear claws you. The komodo dragon bites you.
You closely miss the polar bear. You squeeze the polar bear.
You kill the polar bear!
The komodo dragon bites you!!
Unknown command.
Unknown command.
You are too injured to fight recklessly!
Unknown command.
You hit the komodo dragon but do no damage.
You burn the komodo dragon!
The komodo dragon is moderately wounded.
The komodo dragon barely misses you.
Unknown command.
You sock the komodo dragon!
You squeeze the komodo dragon, but do no damage.
The komodo dragon is heavily wounded.
The komodo dragon barely misses you.
You hit the komodo dragon but do no damage.
The komodo dragon is heavily wounded.
The komodo dragon bites you!
* * * LOW HITPOINT WARNING * * *
Unknown command.
Casting: Ice Form (dangerous; 2% risk of failure)
Confirm with . or Enter, or press ? or * to list all spells.
You feel a surge of power!
You turn into a creature of crystalline ice.
The +3 Elemental Staff {rElec rF++ rC++ AC+5} melds into your body.
The +2 shield of Resistance {rF++ rC++ Will++} melds into your body.
The komodo dragon bites you!
* * * LOW HITPOINT WARNING * * *
You punch the komodo dragon!
The komodo dragon seems to slow down.
You freeze the komodo dragon.
The komodo dragon is almost dead.
The komodo dragon bites you!!
You die...
Your body crumbles into a pile of gold.

...##...####......##
#.. #########
#......###.##
###......./#.#
##...........#
#.#......≈≈..#.
##....$.≈≈≈≈...
#.....$≈≈≈≈≈≈≈.
#......≈≈l≈≈≈≈.$
##.....≈Y≈≈≈.$..
#.....≈≈$≈≈≈<..
#.....≈≈≈≈≈....
##.P^.≈≈≈≈≈≈...
#.....≈≈≈≈≈..P
#####...≈.##.#
##.≈... ## .######


You could see a komodo dragon (slow).

Vanquished Creatures
  Harold (D:7)
  A boulder beetle (Lair:4)
  7 hydras
  2 two-headed ogres
  A catoblepas (Lair:5)
  A lindwurm (Lair:5)
  Pikel (D:8)
  An orc knight (Bailey)
  A manticore (D:7)
  An elephant (D:10)
  Maurice (D:8)
  A merfolk siren (Lair:2)
  9 cane toads
  Maggie (Lair:1)
  4 rime drakes
  19 komodo dragons
  4 trolls
  5 polar bears
  7 dream sheep (Lair:5)
  Prince Ribbit (D:7)
  30 yaks
  2 wraiths (D:10)
  2 wyverns
  2 vampires
  2 basilisks
  3 vampire mosquitoes (D:11)
  4 nagas (Lair:2)
  Duvessa (D:6)
  16 water moccasins
  An ice beast (D:7)
  8 orc warriors
  3 black bears
  6 wolves (Lair:4)
  A phantom (D:5)
  4 centaurs
  A lemure (D:8)
  4 ogres
  A kobold brigand (D:8)
  14 bullfrogs
  2 elf zombies (Ossuary)
  2 gnoll sergeants (D:9)
  A scorpion (D:4)
  A water moccasin zombie (D:5)
  A wyvern skeleton (D:7)
  A water moccasin skeleton (D:6)
  Dowan (D:6)
  2 electric eels
  4 killer bees (D:9)
  5 howler monkeys
  8 centaur zombies
  A hound (D:6)
  13 jellies (Lair:5)
  2 gnoll shamans
  6 human zombies (Ossuary)
  6 orc priests
  2 iguanas
  15 orc wizards
  Natasha (thrice) (D:3)
  A killer bee zombie (D:7)
  A hound skeleton (D:5)
  3 mummies (Ossuary)
  4 howler monkey zombies
  Robin (D:4)
  27 gnolls
  8 adders
  An ufetubus (D:5)
  A worm (D:2)
  2 dart slugs
  51 orcs
  5 ball pythons
  6 endoplasms
  2 giant cockroaches
  19 goblins
  12 hobgoblins
  7 jackals (D:1)
  10 kobolds
  4 quokkas
  8 bats
  3 frilled lizards
  A goblin zombie (D:5)
  7 rats
  A rat zombie (D:5)
435 creatures vanquished.

Vanquished Creatures (others)
  12 fungi
  19 plants
31 creatures vanquished.

Grand Total: 466 creatures vanquished

Notes
Turn   | Place    | Note
-------+----------+-------------------------------------------
     0 | D:1      | Hasart the Octopode Transmuter began the quest for the Orb.
     0 | D:1      | Reached XP level 1. HP: 13/13 MP: 3/3
   277 | D:1      | Reached XP level 2. HP: 18/18 MP: 3/5
   361 | D:1      | Reached XP level 3. HP: 23/23 MP: 6/6
   385 | D:1      | Learned a level 2 spell: Wereblood
   389 | D:1      | Learned a level 3 spell: Spider Form
   928 | D:2      | Reached skill level 1 in Poison Magic
   933 | D:2      | Reached XP level 4. HP: 21/28 MP: 7/7
  1751 | D:3      | Reached XP level 5. HP: 24/34 MP: 5/8
  1760 | D:3      | Noticed Natasha
  1766 | D:3      | Killed Natasha
  1767 | D:3      | Reached skill level 4 in Unarmed Combat
  1813 | D:3      | Noticed Natasha
  1824 | D:3      | Killed Natasha
  1870 | D:3      | Noticed Natasha
  1876 | D:3      | Killed Natasha
  1877 | D:3      | Reached XP level 6. HP: 34/39 MP: 10/10
  2031 | D:3      | Found a blossoming altar of Fedhas.
  2035 | D:3      | Found a stormy altar of Qazlal.
  2310 | D:3      | Found a faded altar of an unknown god.
  2555 | D:4      | Noticed Robin
  2594 | D:4      | Killed Robin
  2740 | D:4      | Reached XP level 7. HP: 36/45 MP: 11/11
  2745 | D:4      | Learned a level 4 spell: Ice Form
  2920 | D:4      | Reached skill level 1 in Ice Magic
  3381 | D:5      | Entered Level 5 of the Dungeon
  3401 | D:5      | Found a sand-covered staircase.
  3421 | Ossuary  | Entered an ossuary
  3439 | Ossuary  | Reached skill level 5 in Unarmed Combat
  3453 | Ossuary  | Reached XP level 8. HP: 51/51 MP: 11/13
  4255 | D:5      | Reached skill level 6 in Unarmed Combat
  4494 | D:6      | Noticed Dowan
  4494 | D:6      | Noticed Duvessa
  4503 | D:6      | Killed Duvessa
  4504 | D:6      | Reached skill level 5 in Poison Magic
  4504 | D:6      | Reached XP level 9. HP: 58/58 MP: 9/14
  4507 | D:6      | Killed Dowan
  4625 | D:6      | Found a staircase to the Ecumenical Temple.
  4643 | Temple   | Entered the Ecumenical Temple
  4768 | Temple   | Became a worshipper of Gozag Ym Sagoz the Greedy
  5073 | D:7      | Noticed Prince Ribbit
  5187 | D:7      | Found a large runed translucent door.
  5206 | D:7      | Noticed a manticore
  5210 | D:7      | Killed a manticore
  5358 | D:7      | Found a large runed translucent door.
  5419 | D:7      | Reached skill level 7 in Unarmed Combat
  5426 | D:7      | Reached skill level 5 in Ice Magic
  5481 | D:7      | Killed Prince Ribbit
  5482 | D:7      | Reached skill level 5 in Dodging
  5482 | D:7      | Reached skill level 5 in Transmutations
  5516 | D:7      | Noticed Harold
  5598 | D:7      | Killed Harold
  5599 | D:7      | Reached XP level 10. HP: 39/65 MP: 15/17
  6032 | D:8      | Reached skill level 5 in Spellcasting
  6174 | D:8      | Noticed an eight-headed hydra
  6213 | D:8      | Found a flagged portal.
  6229 | Bailey   | Entered a bailey
  6391 | Bailey   | Reached skill level 5 in Fighting
  6660 | Bailey   | Reached skill level 8 in Unarmed Combat
  6673 | Bailey   | Noticed an orc knight
  6674 | Bailey   | Found the +3 Elemental Staff {rElec rF++ rC++ AC+5}
  6764 | Bailey   | Killed an orc knight
  6979 | D:8      | Noticed Pikel
  6991 | D:8      | Killed Pikel
  7040 | D:8      | Found Qoasig's Armour Emporium.
  7176 | D:8      | Noticed Maurice
  7207 | D:8      | Reached skill level 1 in Staves
  7220 | D:8      | Reached skill level 1 in Evocations
  7226 | D:8      | Reached XP level 11. HP: 72/72 MP: 14/19
  7229 | D:8      | Killed Maurice
  7314 | D:8      | Killed an eight-headed hydra
  7521 | D:8      | Noticed a two-headed ogre
  7562 | D:8      | Killed a two-headed ogre
  8250 | D:9      | Noticed a two-headed ogre
  8274 | D:9      | Killed a two-headed ogre
  8275 | D:9      | Reached skill level 9 in Unarmed Combat
  8613 | D:10     | Entered Level 10 of the Dungeon
  8632 | D:10     | Found a staircase to the Lair.
  8914 | D:10     | Noticed a five-headed hydra
  8921 | D:10     | Killed a five-headed hydra
  8922 | D:10     | Reached XP level 12. HP: 64/79 MP: 15/21
  9090 | D:10     | Found Biezoneth's Distillery.
  9099 | D:10     | Bought a potion of curing for 42 gold pieces
  9099 | D:10     | Bought a potion of mutation for 112 gold pieces
  9792 | D:11     | Noticed a +0 dagger
  9794 | D:11     | Found a hide-covered altar of Uskayaw.
 10160 | D:11     | Noticed a seven-headed hydra
 10169 | D:11     | Killed a seven-headed hydra
 10720 | Lair:1   | Entered Level 1 of the Lair of Beasts
 11152 | Lair:1   | Noticed Maggie
 11169 | Lair:1   | Killed Maggie
 11450 | Lair:1   | Reached skill level 10 in Unarmed Combat
 12004 | Lair:2   | Found a staircase to the Snake Pit.
 12182 | Lair:2   | Found a staircase to the Shoals.
 12693 | Lair:2   | Identified a scroll of acquirement
 12693 | Lair:2   | Acquired the +2 shield of Resistance {rF++ rC++ Will++}
 12693 | Lair:2   | Found the +2 shield of Resistance {rF++ rC++ Will++}
 12733 | Lair:3   | Noticed a seven-headed hydra
 12740 | Lair:3   | Killed a seven-headed hydra
 12934 | Lair:3   | Reached XP level 13. HP: 69/85 MP: 20/23
 13170 | Lair:3   | Found a transporter.
 13172 | Lair:3   | Found a transporter.
 13525 | Lair:4   | Noticed a minotaur
 13549 | Lair:4   | Found a runed translucent gate.
 13554 | Lair:4   | Found a runed translucent gate.
 13560 | Lair:4   | Found a runed translucent gate.
 13587 | Lair:4   | Reached skill level 5 in Evocations
 13979 | Lair:4   | Noticed jujucrawl's ghost (journeyman OgFE)
 14357 | Lair:4   | Reached skill level 1 in Shields
 14941 | Lair:5   | Reached skill level 5 in Staves
 14952 | Lair:5   | Reached skill level 11 in Unarmed Combat
 15309 | Lair:5   | Found a staircase to the Slime Pits.
 15327 | Lair:5   | Reached skill level 10 in Ice Magic
 15695 | Lair:6   | Entered Level 6 of the Lair of Beasts
 16230 | Lair:6   | Mangled by a komodo dragon

Illustrated notes

Levels and vault maps discovered:
D:1:      dpeg_arrival_windows_large_door, layout_loops_corners
D:2:      layout_basic
D:3:      layout_loops_ring, grunt_temple_overflow_forces_of_nature,
          shapermc_ecumenical_altar_hornbeckon, uniq_natasha
D:4:      layout_gridville, sigmund_army, uniq_robin
D:5:      layout_loops_ring, enter_ossuary_4
D:6:      layout_rooms, minmay_temple_entry_slanted, uniq_duvessa
D:7:      layout_basic, jmf_multi_god_temple2, minivault_1, uniq_prince_ribbit1,
          uniq_harold
D:8:      layout_basic, serial_shops, nicolae_shop_stone, enter_bailey_3,
          minmay_misc_feat_pillars, kb_lookout_dungeons_type, uniq_pikel,
          uniq_maurice
D:9:      nicolae_cairo_tiling_large_dashed, layout_irregular_city,
          eino_tiny_chamber
D:10:     layout_basic, david_lair_generic, nicolae_stop_n_shop_2,
          hangedman_glass_garden
D:11:     layout_grid_maze, dancing_weapons_uskayaw
Temple:   hc_temple_tempest_star
Lair:1:   layout_chaotic_city, st_stairs_7, grunt_megastairs_1, uniq_maggie
Lair:2:   layout_chaotic_city, minmay_shoals_entry_lonely_mermaid,
          minmay_snake_entry_guardpost_small
Lair:3:   gammafunk_boulding_lane, layout_hall_layers
Lair:4:   layout_small_grid, maelrawn_ghost_gauntlet_escape,
          infiniplex_staircase_pool_2
Lair:5:   layout_regular_city, minmay_slime_entry_jelly_boxes
Lair:6:   cheibrodos_lair_end_hotspot, layout_long_grid,
          infiniplex_staircase_pool, uniq_nessos

Skill      XL: |  1  2  3  4  5  6  7  8  9 10 11 12 13 |
---------------+----------------------------------------+-----
Poison Magic   | 1 2 3 4 5 6 7 8 |  8.0
Unarmed Combat | 4 5 6 7 8 9 10 11 | 11.3
Fighting       | 2 3 4 5 6 7 |  7.7
Dodging        | 3 4 5 6 7 8 |  8.1
Transmutations | 3 4 5 6 7 8 |  8.1
Spellcasting   | 3 4 5 6 7 |  7.3
Ice Magic      | 2 3 5 6 7 9 10 | 10.2
Staves         | 1 3 4 5 |  5.0
Evocations     | 1 3 4 5 |  5.3
Shields        | 2 |  2.5

Action                   |  1- 3 |  4- 6 |  7- 9 | 10-12 | 13-15 || total
-------------------------+-------+-------+-------+-------+-------++-------
Melee: Unarmed           |    78 |   143 |   258 |   462 |   128 ||  1069
       Constrict         |    23 |    35 |    37 |    10 |     8 ||   113
       Kick              |    10 |       |       |       |       ||    10
       Punch             |     3 |     3 |    11 |     5 |    12 ||    34
       Tentacles         |    12 |    19 |    57 |    12 |    35 ||   135
       Staff             |       |       |       |    28 |   126 ||   154
 Cast: Beastly Appendage |     2 |       |       |       |       ||     2
       Spider Form       |       |     3 |     7 |     4 |     1 ||    15
       Wereblood         |       |     2 |     8 |    11 |       ||    21
       Ice Form          |       |       |     8 |    44 |    17 ||    69
Invok: Call Merchant     |       |       |       |     2 |     1 ||     3
Evoke: Wand              |       |       |       |     6 |       ||     6
  Use: Potion            |       |     2 |       |       |       ||     2
       Scroll            |       |       |    11 |     8 |       ||    19
 Stab: Sleeping          |     9 |     3 |     6 |     5 |     1 ||    24
       Distracted        |       |       |       |     2 |     2 ||     4
Armor: Skin              |     3 |    11 |    29 |   173 |    70 ||   286
Dodge: Dodged            |    39 |   125 |   112 |   269 |   130 ||   675
Block: Kite shield       |       |       |       |       |    44 ||    44
